 Dungeon Crawl Stone Soup version 0.26.1-11-gd32895ea62 (webtiles) character file.

Game seed: 786773680683615035

3142 Patoropollo the Protected (level 9, 0/57 HPs)
             Began as a Tengu Fighter on June 8, 2021.
             Was a Follower of Wu Jian.
             Slain by a rust devil (5 damage)
             ... on level 7 of the Dungeon.
             The game lasted 00:21:24 (7862 turns).

Patoropollo the Protected (Tengu Fighter)           Turns: 7862, Time: 00:21:25

Health: 0/57       AC: -19   Str: 20    XL:     9   Next: 93%
Magic:  10/10      EV: 12    Int:  8    God:    Wu Jian [*.....]
Gold:   572        SH: 11    Dex: 20    Spells: 8/8 levels left

rFire    . . .     SeeInvis .   r - +11 flail of Regicide {vorpal, Dex+6}
rCold    . . .     Faith    .   c - +0 kite shield
rNeg     + . .     Spirit   .   h - +3 pearl dragon scales
rPois    +         Reflect  .   (helmet restricted)
rElec    .         Harm     .   (no cloak)
rCorr    .         Rampage  .   t - +2 pair of gloves
Will     .....                  (boots unavailable)
Stlth    ..........             (no amulet)
HPRegen  0.19/turn              b - +4 ring of evasion
MPRegen  0.12/turn              x - ring of poison resistance

@: mighty, corroded
A: beak, talons 3, able to fly
a: Fly, Renounce Religion


You were on level 7 of the Dungeon.
You worshipped Wu Jian.
Wu Jian was aware of your devotion.
You visited 2 branches of the dungeon, and saw 10 of its levels.
You also visited: Ossuary.

You collected 632 gold pieces.
You spent 60 gold pieces at shops.

Inventory:

Hand Weapons
 r - the +11 flail of Regicide (weapon) {vorpal, Dex+6}
   (You found it on level 4 of the Dungeon)

   It inflicts extra damage upon your enemies.
   It affects your dexterity (+6).
Armour
 c - a +0 kite shield (worn)
 h - +3 pearl dragon scales (worn)
 t - a +2 pair of gloves (worn)
Jewellery
 b - a +4 ring of evasion (left hand)
 x - a ring of poison resistance (right hand)
Wands
 m - a wand of enslavement (5)
 p - a wand of flame (13)
 v - a wand of iceblast (9)
Scrolls
 a - a scroll of random uselessness
 d - 2 scrolls of blinking
 e - a scroll of amnesia {unknown}
 f - 2 scrolls of remove curse
 n - a scroll of vulnerability
 u - 3 scrolls of teleportation
 z - a scroll of magic mapping
Potions
 g - a potion of brilliance
 i - 3 potions of heal wounds
 j - 3 potions of lignification
 k - 3 potions of curing
 l - a potion of ambrosia
 o - a potion of magic
 q - a potion of degeneration
 s - a potion of berserk rage {unknown}


   Skills:
 + Level 7.4 Fighting
 + Level 7.7 Maces & Flails
 + Level 8.1 Armour
 + Level 7.4 Shields


You had 8 spell levels left.
You didn't know any spells.
Your spell library contained the following spells:

 Spells                   Type           Power        Failure   Level
 Freeze                   Ice            0%           98%         1
 Magic Dart               Conj           0%           98%         1
 Blink                    Tloc           N/A          99%         2
 Call Imp                 Summ           0%           99%         2
 Slow                     Hex            0%           99%         2
 Conjure Flame            Conj/Fire      0%           100%        3
 Frozen Ramparts          Ice            0%           100%        3
 Mephitic Cloud           Conj/Pois/Air  0%           100%        3
 Ozocubu's Armour         Ice            0%           100%        3
 Hailstorm                Conj/Ice       0%           100%        4
 Summon Ice Beast         Ice/Summ       0%           100%        4


Dungeon Overview and Level Annotations

Branches:
Dungeon (9/15)             Temple (1/1) D:4             Orc (0/2) D:9
Ossuary (visited)
   Lair: D:8-11

Altars:
Ashenzari
Cheibriados
Dithmenos
Elyvilon
Fedhas
Hepliaklqana
Kikubaaqudgha
Makhleb
Nemelex Xobeh
Okawaru
Qazlal
Ru
Trog
Uskayaw
Vehumet
Wu Jian
Xom
Yredelemnul
Zin

Shops:
D:5 *   D:9 ([

Annotations:
D:6 1 runed translucent door, Crazy Yiuf


Innate Abilities, Weirdness & Mutations

You have a beak for a mouth.
You have claws for feet.
You can fly continuously.


Message History

You hit the rust devil but do no damage.
You claw the rust devil, but do no damage.
You peck the rust devil, but do no damage.
The rust devil is almost dead.
The rust devil barely misses you.
You hit the rust devil but do no damage.
Your kick misses the rust devil.
The rust devil is almost dead.
The rust devil hits you!
* * * LOW HITPOINT WARNING * * *
The rust devil corrodes you!
Your shield and pearl dragon scales prevent you from hitting the rust devil.
Your kick misses the rust devil. You peck the rust devil.
The rust devil is almost dead.
The rust devil barely misses you.
You hit the rust devil but do no damage.
You claw the rust devil, but do no damage.
The rust devil is almost dead.
The rust devil hits you.
You die...

8## #......# #...........#
# ### ##.....#
#...........# #.# ##...##
#.........[.. #.## #####
#########...#### ##.#
#≈≈≈≈≈≈≈#...# # #.##
#≈#...#≈#..## ###..#######
###≈.....≈#.##
##..........#
##.4...<..≈###
#...........###.@#≈.....≈#
#...............##≈#...#≈#
#.............####≈≈≈≈≈≈≈#
#.............# #########
#.............#
##..)..>.....##
#..........## ##.....(.###
##.......## ###


You could see a rust devil.

Vanquished Creatures
  Pikel (D:5)
  A rust devil (D:7)
  Sigmund (D:4)
  2 orc warriors
  An ice beast (D:8)
  3 centaurs
  An ogre (D:4)
  2 elf zombies (Ossuary)
  A bullfrog (D:7)
  2 scorpions
  2 water moccasin skeletons
  5 killer bees (D:7)
  An oklob sapling (D:4)
  A howler monkey (D:6)
  A centaur zombie (Ossuary)
  A quasit (D:8)
  A centaur skeleton (D:7)
  4 hounds
  An orc priest (D:7)
  2 bullfrog skeletons
  5 worker ants
  A big kobold zombie (Ossuary)
  A hound zombie (Ossuary)
  4 mummies
  6 gnolls (D:3)
  11 adders
  A shadow imp (D:8)
  4 white imps
  An ooze (D:2)
  6 adder zombies (Ossuary)
  2 adder skeletons
  6 worms
  2 dart slugs
  4 leopard geckos
  26 orcs
  8 giant cockroaches
  A gnoll zombie (Ossuary)
  6 goblins
  11 hobgoblins
  7 jackals
  9 kobolds
  A quokka (D:6)
  2 ball pythons
  6 bats
  8 frilled lizards
  3 goblin zombies
  4 hobgoblin zombies (Ossuary)
  3 jackal zombies (Ossuary)
  5 kobold zombies
  2 orc zombies (Ossuary)
  A quokka skeleton (D:4)
  2 quokka zombies (Ossuary)
  4 rats
  3 rat zombies (Ossuary)
200 creatures vanquished.

Vanquished Creatures (others)
  3 plants (D:4)
3 creatures vanquished.

Grand Total: 203 creatures vanquished

Notes
Turn   | Place    | Note
-------+----------+-------------------------------------------
     0 | D:1      | Patoropollo the Tengu Fighter began the quest for the Orb.
     0 | D:1      | Reached XP level 1. HP: 14/14 MP: 2/2
   132 | D:1      | Reached XP level 2. HP: 4/19 MP: 3/3
   849 | D:2      | Reached XP level 3. HP: 17/23 MP: 4/4
  1214 | D:2      | You fall into a shaft and drop 1 floor!
  1404 | D:2      | Found a burning altar of Makhleb.
  1530 | D:2      | Reached XP level 4. HP: 28/28 MP: 5/5
  1848 | D:3      | Reached skill level 4 in Armour
  1931 | D:3      | Gained mutation: You can fly continuously. [Tengu growth]
  1931 | D:3      | Reached XP level 5. HP: 33/33 MP: 6/6
  2286 | D:3      | Found a white marble altar of Elyvilon.
  2592 | D:3      | Found a snail-covered altar of Cheibriados.
  2679 | D:3      | Reached XP level 6. HP: 24/38 MP: 7/7
  3462 | D:4      | Noticed Sigmund
  3495 | D:4      | Killed Sigmund
  3496 | D:4      | Reached skill level 5 in Armour
  3496 | D:4      | Reached XP level 7. HP: 33/44 MP: 8/8
  3502 | D:4      | Got a bone flail
  3502 | D:4      | Identified the +11 flail of Regicide {vorpal, Dex+6} (You
                  | found it on level 4 of the Dungeon)
  3681 | D:4      | Found a staircase to the Ecumenical Temple.
  3709 | Temple   | Entered the Ecumenical Temple
  4478 | D:5      | Entered Level 5 of the Dungeon
  4493 | D:5      | Found a sand-covered staircase.
  4498 | Ossuary  | Entered an ossuary
  4603 | Ossuary  | Reached skill level 5 in Shields
  4635 | Ossuary  | Reached skill level 5 in Fighting
  4638 | Ossuary  | Reached skill level 5 in Maces & Flails
  4684 | Ossuary  | Reached XP level 8. HP: 49/49 MP: 9/9
  5139 | D:5      | Found Legaocwo's Assorted Antiques.
  5143 | D:5      | Bought a scroll labelled PEUGUIKLASCH for 30 gold pieces
  5143 | D:5      | Bought a scroll labelled HILAUT ISAMOR for 30 gold pieces
  5184 | D:5      | Found an ancient bone altar of Kikubaaqudgha.
  5184 | D:5      | Noticed Pikel
  5205 | D:5      | Killed Pikel
  5206 | D:5      | Reached skill level 6 in Armour
  5854 | D:6      | Reached XP level 9. HP: 49/55 MP: 10/10
  6061 | D:6      | Found a runed translucent door.
  6062 | D:6      | Noticed Crazy Yiuf
  6216 | D:6      | Found a basalt altar of Yredelemnul.
  6216 | D:6      | Found a sparkling altar of Nemelex Xobeh.
  6217 | D:6      | Found a stormy altar of Qazlal.
  6429 | D:6      | Found an ornate altar of the Wu Jian Council.
  6437 | D:6      | Became a worshipper of the Wu Jian Council
  6507 | D:6      | You fall into a shaft and drop 3 floors!
  6507 | D:9      | Found Acra's Armour Emporium.
  6507 | D:9      | Found a staircase to the Orcish Mines.
  6507 | D:9      | Found Cenkoi's Weapon Emporium.
  6522 | D:8      | Reached skill level 7 in Armour
  6721 | D:7      | Reached * piety under Wu Jian
  7443 | D:7      | Found a shimmering altar of Xom.
  7760 | D:8      | Found an iron altar of Okawaru.
  7790 | D:6      | Noticed a rust devil
  7790 | D:6      | Noticed a rust devil
  7803 | D:7      | Killed a rust devil
  7804 | D:7      | Reached skill level 8 in Armour
  7862 | D:7      | Slain by a rust devil

Illustrated notes

Levels and vault maps discovered:
D:1:      wander_arrival_desolate, layout_rooms, minmay_misc_feat_five
D:2:      layout_basic, bloody_makhleb, interstate_on_off,
          minmay_randomly_rotated_circles
D:3:      layout_basic, elyvilon_altar_3, marbit_many_paths
D:4:      layout_rooms, minmay_temple_entry_oklob, kennysheep_donut,
          uniq_sigmund
D:5:      layout_loops_ring, kiku_gazebo_garden_becter, serial_shops, shop,
          nicolae_ossuary_entry_giza, dk_noncrumbling_2, uniq_pikel
D:6:      cheibrodos_iron_armory, layout_loops_ring,
          gammafunk_temple_overflow_claw, nzn_wu_jian_contemplation,
          uniq_crazy_yiuf_cottage
D:7:      layout_cave_pods, nicolae_overflow_hidden_temple,
          kennysheep_small_square
D:8:      layout_cave_pools, overflow_temple_1_default, basic_altar,
          gammafunk_ghost_ooze
D:9:      layout_small_grid, grunt_gozag_statues,
          gammafunk_temple_overflow_wave, erik_lair_orcish_takeover,
          orc_david_3, statue_in_the_mist_lemuel, billiards_dpeg,
          uniq_prince_ribbit1, uniq_maurice, uniq_joseph
Temple:   nicolae_temple_figure_zero

Skill      XL: |  1  2  3  4  5  6  7  8  9 |
---------------+----------------------------+-----
Maces & Flails | 3 4 5 6 7 |  7.7
Armour         | 4 5 6 8 |  8.1
Fighting       | 4 5 6 7 |  7.4
Shields        | 4 5 6 7 |  7.4

Action                   |  1- 3 |  4- 6 |  7- 9 || total
-------------------------+-------+-------+-------++-------
Melee: Flail             |    89 |   145 |   260 ||   494
       Kick              |    25 |    29 |    89 ||   143
       Peck              |    16 |    25 |    65 ||   106
Invok: Lunge             |       |       |     5 ||     5
  Use: Scroll            |       |       |    19 ||    19
       Potion            |       |       |     4 ||     4
Armor: Scale mail        |    27 |       |       ||    27
       Pearl dragon scal |    23 |    60 |    83 ||   166
Dodge: Dodged            |    26 |    87 |   106 ||   219
Block: Kite shield       |    42 |    84 |   118 ||   244
